Map: Acropolis LE

Players

DavTerran

  • Race: Terran Terran
  • League: Platinum
  • Spawn Location: 5:00

sandboX - Winner!

  • Race: Zerg Zerg
  • League: Gold
  • Spawn Location: 11:00

VOD

Have the link to the VOD?

Description

Time

  • Played on: Aug. 21, 2019, 9:16 p.m.
  • Length: 26:41
Show
View Real Time Build Order
Export as new Build Order

DavTerran Terran 

Build Orders: 2 Factory, Mech 

Get SALT Encoding   

  12  0:04  SCV  
  13  0:16  Supply Depot  
  13  0:23  Refinery  
  13  0:39  Barracks  
  13  0:42  SCV  
  14  0:59  Supply Depot  
  14  1:29  Reaper  
  14  1:31  Barracks  
  15  1:33  Orbital Command  
  14  2:10  SCV  
  14  2:11  Factory  
  15  2:19  Marine x2  
  15  2:22  SCV  
  18  2:34  SCV  
  19  2:46  SCV  
  20  2:58  SCV  
  21  3:10  SCV  
  21  3:11  Marine x2  
  21  3:12  Hellion  
  26  3:14  Factory  
  26  3:19  Factory  
  26  3:22  SCV  
  26  3:25  Supply Depot  
  27  3:28  Supply Depot  
  27  3:34  SCV  
  27  3:37  Factory Reactor  
  27  3:39  Barracks Tech Lab  
  28  3:45  Barracks Tech Lab  
  28  3:46  SCV  
  29  3:58  SCV  
  30  4:06  Refinery  
  30  4:11  SCV  
  31  4:21  Armory  
  26  4:36  Hellion  
  26  4:37  Hellion x3  
  32  5:08  Command Center, Hellion x2  
  32  5:12  Terran Vehicle Weapons Level 1  
  36  5:21  Hellion x2  
  40  5:37  Barracks Tech Lab, Engineering Bay  
  40  5:40  SCV  
  41  5:44  Barracks Tech Lab  
  41  5:50  Drilling Claws  
  41  5:52  SCV  
  41  5:54  Widow Mine x2  
  46  6:04  SCV  
  47  6:16  SCV  
  48  6:22  Infernal Pre-Igniter  
  48  6:23  Hellion x8  
  49  6:28  SCV  
  49  6:29  Orbital Command  
  49  6:39  Command Center  
  49  6:40  SCV  
  50  6:51  Thor  
  56  7:06  Marauder x2  
  56  7:07  Concussive Shells  
  60  7:13  Refinery  
  60  7:16  Widow Mine x2, Refinery  
  64  7:33  Marauder x2  
  68  7:41  Supply Depot x2  
  68  7:43  Supply Depot  
  68  7:51  Thor  
  74  7:53  Widow Mine x2  
  78  7:59  Orbital Command  
  78  8:13  Marauder x2  
  82  8:25  Terran Vehicle Weapons Level 2  
  82  8:32  SCV x3  
  85  8:44  SCV x2  
  85  8:45  SCV  
  88  8:54  Marauder x2  
  88  8:55  Thor  
  92  8:56  SCV, Hellbat  
  92  9:01  SCV x2  
  103  9:08  SCV  
  104  9:13  Neosteel Armor  
  104  9:18  Hellbat x2  
  104  9:20  Marauder x2  
  112  9:25  Missile Turret  
  112  9:27  Missile Turret  
  112  9:30  Missile Turret  
  112  9:43  Thor  
  57  10:34  Marauder x2  
  61  10:37  Siege Tank x2  
  61  10:38  Widow Mine  
  61  10:39  Widow Mine  
  71  10:48  Command Center  
  71  10:50  Command Center  
  71  10:53  Terran Vehicle Weapons Level 3  
  71  10:59  Marauder x2  
  71  11:02  SCV x2  
  77  11:14  SCV x2  
  77  11:15  Siege Tank  
  77  11:16  Siege Tank  
  85  11:21  Marauder x2  
  89  11:34  Hellbat x2  
  93  11:42  Marauder x2  
  97  11:48  Stimpack  
  97  11:52  Siege Tank x2  
  103  11:55  Hellbat x2  
  107  12:04  Planetary Fortress  
  107  12:08  Missile Turret  
  107  12:10  Missile Turret  
  107  12:11  Hi-Sec Auto Tracking  
  107  12:13  Orbital Command  
  107  12:20  SCV x2, Refinery x2  
  109  12:32  SCV x2  
  110  12:44  SCV  
  95  13:02  Command Center  
  95  13:09  Thor x2  
  95  13:11  Hellbat  
  95  13:12  Hellbat  
  111  13:28  Terran Infantry Weapons Level 1  
  111  13:30  Terran Vehicle And Ship Armor Level 1, Marauder x2  
  115  14:09  Orbital Command  
  115  14:14  Thor x2  
  115  14:16  Hellbat x2  
  131  14:18  Marauder x2  
  135  14:35  Planetary Fortress  
  73  16:00  Thor x2  
  73  16:02  Marauder x2  
  73  16:03  Hellbat x2  
  91  16:10  Command Center  
  91  16:26  Marauder x2  
  91  16:30  Hellbat x2  
  99  16:33  Terran Vehicle And Ship Armor Level 2  
  99  16:36  Factory  
  99  16:53  Siege Tank x2  
  105  16:55  Marauder x2  
  105  16:56  Hellbat  
  105  16:57  Hellbat  
  97  17:24  Orbital Command  
  97  17:33  Refinery  
  97  17:40  Marauder x2  
  97  17:41  Hellbat  
  97  17:42  Factory Tech Lab, Hellbat  
  105  17:50  Thor x2  
  117  18:09  Command Center  
  117  18:11  Supply Depot  
  117  18:13  Supply Depot x2  
  117  18:16  Supply Depot  
  117  18:24  Marauder x2, Terran Infantry Weapons Level 2  
  121  18:28  Hellbat x2  
  121  18:32  Siege Tank  
  128  19:17  Starport  
  128  19:19  Starport  
  128  19:21  Starport  
  128  19:25  Planetary Fortress  
  62  20:16  Hellion  
  62  20:17  Hellion x3  
  70  20:23  Refinery  
  70  20:28  Liberator x3  
  70  20:38  Hellion x3  
  70  20:39  Hellion  
  74  20:49  Fusion Core  
  80  20:52  Marauder x2  
  80  20:59  Hellion  
  80  21:00  Hellion  
  78  21:11  Liberator  
  63  21:35  Hellbat x2  
  63  21:36  Hellbat x2  
  71  21:42  Command Center  
  52  22:07  Battlecruiser x2  
  60  22:09  Marauder  
  60  22:10  Marauder, Weapon Refit  
  53  22:59  Orbital Command  
  35  23:40  Battlecruiser  
  20  25:49  Orbital Command  
Show
View Real Time Build Order
Export as new Build Order

sandboX Zerg - Winner!

Build Orders: Hatch First 

Get SALT Encoding   

  12  0:01  Drone  
  13  0:16  Overlord  
  13  0:25  Drone  
  14  0:34  Drone x2  
  16  0:53  Hatchery  
  16  0:56  Drone  
  16  0:57  Drone  
  16  1:02  Drone  
  18  1:07  Extractor  
  17  1:20  Spawning Pool  
  16  1:35  Drone x3  
  19  2:05  Overlord  
  19  2:09  Zergling x4  
  19  2:11  Queen x2  
  25  2:17  Metabolic Boost  
  25  2:25  Drone x2  
  25  2:27  Drone  
  25  3:05  Zergling x10  
  28  3:09  Drone  
  29  3:18  Drone x2  
  31  3:23  Overlord  
  31  3:24  Overlord  
  31  3:34  Drone x2  
  31  3:35  Overlord, Drone x2  
  35  3:47  Hatchery  
  34  4:03  Spore Crawler  
  34  4:05  Spore Crawler  
  34  4:06  Drone x4  
  34  4:07  Drone  
  37  4:24  Zergling x4  
  37  4:44  Zergling x6  
  40  4:57  Drone x3  
  43  5:02  Overlord x4  
  43  5:05  Queen  
  45  5:10  Overlord x2  
  45  5:20  Roach Warren  
  44  5:24  Drone x10  
  44  5:28  Extractor  
  53  5:30  Extractor  
  52  5:48  Drone x10  
  62  5:54  Lair  
  62  6:02  Evolution Chamber  
  62  6:03  Evolution Chamber  
  56  6:12  Roach x5  
  63  6:22  Roach x4  
  71  6:34  Roach x4  
  79  6:42  Roach x3  
  85  7:07  Hatchery  
  84  7:12  Drone x7  
  84  7:13  Overlord x2  
  91  7:29  Overlord x2  
  91  7:35  Zerg Ground Armor Level 1, Zerg Missile Weapons Level 1  
  91  7:37  Glial Reconstitution  
  91  7:41  Hydralisk Den  
  91  7:44  Queen  
  90  7:49  Ravager  
  90  7:51  Extractor  
  92  8:01  Roach x7  
  92  8:02  Extractor  
  105  8:10  Overlord x3  
  103  8:52  Lair  
  103  8:58  Extractor  
  103  9:00  Muscular Augments, Tunneling Claws  
  102  9:17  Roach x5  
  102  9:18  Roach x15  
  142  9:35  Hydralisk x3  
  142  9:36  Hydralisk x2  
  152  9:43  Hatchery  
  151  9:47  Drone x2  
  151  9:49  Overlord x2  
  151  9:50  Overlord x2  
  144  10:09  Roach x6  
  144  10:10  Roach x2  
  121  10:16  Hydralisk x2  
  99  10:36  Roach x8  
  115  10:43  Drone x5  
  120  10:57  Zerg Missile Weapons Level 2, Zerg Ground Armor Level 2  
  120  10:59  Grooved Spines  
  120  11:03  Burrow  
  120  11:25  Drone x13  
  133  11:33  Spore Crawler  
  133  11:37  Spore Crawler  
  133  11:38  Spore Crawler  
  130  11:40  Extractor  
  130  11:43  Extractor  
  128  11:52  Hydralisk x8  
  144  12:30  Hydralisk  
  144  12:31  Hydralisk x14  
  124  12:56  Roach x11  
  120  13:06  Roach x2  
  120  13:07  Roach x4  
  132  13:27  Roach x10  
  132  13:33  Queen  
  154  13:35  Overlord x2  
  154  13:50  Evolution Chamber  
  154  13:55  Nydus Network  
  154  13:59  Infestation Pit  
  153  14:05  Roach x15  
  183  14:30  Hatchery  
  182  14:35  Hydralisk x9  
  176  15:23  Roach x10  
  176  15:24  Roach x2  
  149  15:45  Roach x12  
  104  16:14  Queen x3  
  104  16:15  Queen x2  
  114  16:25  Drone x3  
  117  16:54  Roach  
  117  16:55  Roach x16  
  99  17:19  Hydralisk x4  
  99  17:20  Hydralisk x9  
  115  17:32  Drone x6  
  121  17:38  Spire  
  121  17:42  Hive  
  120  18:14  Roach x12  
  120  18:17  Overseer x2  
  144  18:29  Drone x9  
  153  18:38  Hydralisk x3  
  159  19:05  Hydralisk x5  
  159  19:06  Hydralisk x5  
  179  19:12  Zerg Missile Weapons Level 3  
  179  19:18  Zerg Ground Armor Level 3  
  179  19:22  Greater Spire  
  179  19:37  Overlord x4  
  149  19:53  Roach x9  
  149  19:54  Roach x2  
  139  20:00  Roach x5  
  139  20:01  Roach  
  141  20:25  Extractor  
  141  20:27  Extractor  
  123  20:40  Roach x8  
  123  20:41  Roach x11  
  127  21:06  Roach x7  
  139  21:19  Roach  
  128  21:38  Hatchery  
  116  21:50  Hydralisk x8  
  120  22:01  Hydralisk x2  
  108  22:17  Hydralisk x3  
  108  22:18  Hydralisk  
  113  22:49  Drone x19  
  113  22:50  Drone x3  
  123  23:26  Hydralisk x8  
  131  23:44  Hydralisk x5  
  131  23:46  Extractor  
  140  23:49  Extractor  
  110  24:34  Overlord  
  110  24:35  Overlord x11  
  106  25:12  Corruptor  
  106  25:13  Corruptor x3  
  109  25:26  Roach  
  111  25:35  Drone x4  
  113  26:00  Corruptor  
  115  26:15  Overseer  
  112  26:21  Overseer  
Tags
 
Add a new tag
Caveats
  • Supply blocks, unpowered buildings, or Contaminate may cause inaccurate times.
  • Supply counts are checked every 10 seconds.